 Dungeon Crawl Stone Soup version 0.22-a0-398-g8bb545f (webtiles) character file.

261 zero the Digger (level 5, -3/45 HPs)
             Began as a Troll Earth Elementalist on May 5, 2018.
             Killed by nerve-wracking pain
             ... invoked by an orc priest
              (5 damage)
             ... on level 3 of the Dungeon.
             The game lasted 00:04:53 (2037 turns).

zero the Digger (Troll Earth Elementalist)          Turns: 2037, Time: 00:04:54

Health: -3/45      AC:  5    Str: 16    XL:     5   Next: 96%
Magic:  4/7        EV: 10    Int: 12    God:
Gold:   120        SH:  0    Dex: 10    Spells: 4/8 levels left

rFire    . . .     SeeInvis .     - Unarmed
rCold    . . .     Gourm    +   (no shield)
rNeg     . . .     Faith    .   c - +0 robe
rPois    .         Spirit   .   (helmet restricted)
rElec    .         Reflect  .   (no cloak)
rCorr    .         Harm     .   (gloves unavailable)
MR       .....                  (boots unavailable)
Stlth    +.........             (no amulet)
HPRegen  0.55/turn              (no ring)
MPRegen  0.10/turn              (no ring)

@: very slightly contaminated
A: large, unfitting armour, claws 3, fast metabolism 3, gourmand, regeneration
1, shaggy fur 1, tough skin 2
a: no special abilities


You were on level 3 of the Dungeon.
You were very full.

You visited 1 branch of the dungeon, and saw 3 of its levels.

You collected 120 gold pieces.

Inventory:

Missiles
 b - 117 stones (quivered)
Armour
 c - a +0 robe (worn)
Jewellery
 a - an uncursed amulet of the acrobat {unknown}
 h - an uncursed ring of protection from magic {unknown}
 i - an uncursed amulet of the acrobat {unknown}
Scrolls
 f - 3 scrolls of identify {unknown}
 g - a scroll of random uselessness {unknown}
 j - 3 scrolls of remove curse {unknown}
 k - a scroll of teleportation {unknown}
 m - a scroll of fear {unknown}
 o - a scroll of magic mapping {unknown}
 q - a scroll of enchant weapon {unknown}
Potions
 e - a potion of flight {unknown}
 l - a potion of agility {unknown}
Comestibles
 d - 7 rations


   Skills:
 - Level 1.5 Dodging
 - Level 1.0 Stealth
 + Level 3.2 Unarmed Combat
 + Level 2.4 Spellcasting
   Level 0.6 Transmutations
 + Level 4.1 Earth Magic


You had 4 spell levels left.
You knew the following spells:

 Your Spells              Type           Power        Failure   Level  Hunger
a - Sandblast             Erth           ##....       4%          1    ##.....
b - Stone Arrow           Conj/Erth      #.....       32%         3    ####...


Dungeon Overview and Level Annotations

Branches:
Dungeon (3/15)

Altars:


Innate Abilities, Weirdness & Mutations

You are too large for most types of armour.
You have claws for hands.
Your metabolism is lightning-fast.
You like to eat raw meat.
Your natural rate of healing is unusually fast.
You are covered in fur. (AC +1)
You have very tough skin. (AC +2)


Message History

The orc priest is lightly wounded.
You scratch the orc priest.
The orc priest is moderately wounded.
The orc priest closely misses you.
You closely miss the orc priest.
The orc priest is moderately wounded.
The orc priest misses you.
You scratch the orc priest but do no damage.
The orc priest is moderately wounded.
The orc priest hits you with a trident!
* * * LOW HITPOINT WARNING * * *
You scratch the orc priest.
The orc priest is severely wounded.
The orc priest hits you with a trident.
* * * LOW HITPOINT WARNING * * *
You closely miss the orc priest.
The orc priest is severely wounded.
The orc priest calls down the wrath of Beogh upon you.
Pain shoots through your body!
You die...

#≈≈#..##.##.#.# ##
##≈≈##).#..#...#
#≈≈≈≈#..##.#.##########.
#≈≈≈≈#..##...#..........
#≈≈≈≈#.)###..#........#.
##≈≈##))# #.............
#≈≈#..## ##..........##
#≈##))# #...)........ .
# #..## #...@......#...
#..# ...##.o######.#.#
#..#≈.........(......#
#..#≈≈#.###.##....###
##..# ≈≈.# #..#.o..#
#..##≈≈≈.. ..>#o...#
#..#≈≈≈≈# #####o...#
#..##≈≈≈# #....# ##..#
≈≈# #o...#


You could see an orc priest.

Vanquished Creatures
  A big kobold (D:3)
  A bullfrog skeleton (D:3)
  An orc wizard (D:3)
  A gnoll (D:2)
  4 adders
  An adder zombie (D:1)
  2 worms (D:2)
  3 dart slugs
  A leopard gecko (D:1)
  4 orcs (D:3)
  4 bats
  A bat zombie (D:1)
  2 giant cockroaches (D:2)
  7 goblins
  5 hobgoblins
  8 jackals
  15 kobolds
  A quokka (D:2)
  5 frilled lizards
  7 rats
74 creatures vanquished.

Notes
Turn   | Place    | Note
-------+----------+-------------------------------------------
     0 | D:1      | zero the Troll Earth Elementalist began the quest for the Orb.
     0 | D:1      | Reached XP level 1. HP: 16/16 MP: 1/1
    49 | D:1      | Reached XP level 2. HP: 19/24 MP: 3/3
   110 | D:1      | Reached skill level 1 in Unarmed Combat
   118 | D:1      | Reached skill level 3 in Earth Magic
   271 | D:1      | Reached XP level 3. HP: 25/31 MP: 4/4
  1013 | D:2      | Learned a level 3 spell: Stone Arrow
  1201 | D:2      | Reached XP level 4. HP: 39/39 MP: 5/5
  1790 | D:3      | Reached XP level 5. HP: 40/45 MP: 7/7
  1864 | D:3      | Reached skill level 4 in Earth Magic
  2036 | D:3      | HP: 1/45 [orc priest/trident (3)]
  2037 | D:3      | Killed from afar by an orc priest

Vault maps used:
D:1:      saegor_arrival_fortress, st_stairs_13, minmay_tromino_v7
D:2:      first_ration, minmay_misc_feat_hallway, cheibrodos_gnoll_hut
D:3:      cheibrodos_thug_alley

Skill      XL: |  1  2  3  4  5 |
---------------+----------------+-----
Unarmed Combat | 1 2 3 |  3.2
Earth Magic    | 3 4 |  4.1
Spellcasting   | 2 |  2.4
Dodging        | |  1.5
Stealth        | |  1.0
Transmutations | |  0.6

Action                   |  1- 3 |  4- 6 || total
-------------------------+-------+-------++-------
Melee: Unarmed           |   130 |   119 ||   249
 Cast: Sandblast         |     3 |    14 ||    17
  Use: Potion            |       |     2 ||     2
 Stab: Sleeping          |     1 |     1 ||     2
  Eat: Chunk             |    16 |     8 ||    24
Armor: Robe              |    79 |    51 ||   130
Dodge: Dodged            |    84 |    72 ||   156

Table legend:
 A = Spawn XP
 B = Non-spawn XP
 C = Spawn XP percentage of total XP
 D = Spawn monster count
 E = Non-spawn monster count
 F = Spawn count percentage of total count
 G = Total turns spent on level
                    A         B        C        D         E        F      G
               +---------+---------+-------+---------+---------+-------+---------
         Total |       0 |     373 |   0.0 |       0 |      74 |   0.0 |  2037
               +---------+---------+-------+---------+---------+-------+---------
           D:1 |       0 |      64 |   0.0 |       0 |      32 |   0.0 |  1008
           D:2 |       0 |      89 |   0.0 |       0 |      21 |   0.0 |   736
           D:3 |       0 |     220 |   0.0 |       0 |      21 |   0.0 |   293
               +---------+---------+-------+---------+---------+-------+---------
